 Dungeon Crawl Stone Soup version 0.28.0-49-g6dfe1f597d (webtiles) character file.

Game seed: 1321423291210921269

25 Zeld the Insei (level 3, -2/23 HPs)
             Began as an Octopode Transmuter on May 15, 2022.
             Slain by a hobgoblin (5 damage)
             ... on level 2 of the Dungeon.
             The game lasted 00:01:37 (1540 turns).

Zeld the Insei (Octopode Transmuter)                Turns: 1540, Time: 00:01:37

Health: -2/23      AC:  1    Str: 11    XL:     3   Next: 6%
Magic:  1/6        EV: 13    Int: 15    God:
Gold:   54         SH:  0    Dex: 12    Spells: 0/6 levels left

rFire   . . .      SeeInvis .     - Unarmed
rCold   . . .      Faith    .   (no shield)
rNeg    . . .      Spirit   .   (helmet restricted)
rPois   .          Reflect  .   (no amulet)
rElec   .          Harm     .   (no ring)
rCorr   .          Rampage  .   (no ring)
Will    .....                   (no ring)
Stlth   +++.......              (no ring)
HPRegen 0.07/turn               (no ring)
MPRegen 0.10/turn               (no ring)
                                (no ring)
                                (no ring)

@: no status effects
A: almost no armour, amphibious, 8 rings, camouflage 1, gelatinous body 1,
(nimble swimmer 1), tentacles
a: no special abilities


You were on level 2 of the Dungeon.
You visited 1 branch of the dungeon, and saw 2 of its levels.

You collected 54 gold pieces.

Inventory:

Scrolls
 a - a scroll of magic mapping {unknown}
 b - a scroll of immolation {unknown}
 c - a scroll of teleportation {unknown}
Potions
 d - a potion of curing
 e - a potion of lignification {unknown}


   Skills:
 - Level 1.0 Fighting
 - Level 2.0 Dodging
 + Level 1.2 Stealth
 - Level 3.0 Unarmed Combat
 * Level 2.4 Spellcasting
 * Level 2.4 Transmutations
 + Level 0.5 Ice Magic
 + Level 0.8 Poison Magic


You couldn't memorise any spells.
You knew the following spells:

 Your Spells              Type           Power      Damage    Failure   Level
a - Beastly Appendage     Tmut           18%        N/A       8%          1
b - Wereblood             Tmut           9%         N/A       12%         2
c - Spider Form           Tmut/Pois      6%         N/A       32%         3

Your spell library contained the following spells:

 Spells                   Type           Power      Damage    Failure   Level
 Magic Dart               Conj           4%         1d3       22%         1
 Call Imp                 Summ           1%         N/A       32%         2
 Mephitic Cloud           Conj/Pois/Air  2%         N/A       50%         3
 Ice Form                 Ice/Tmut       6%         N/A       75%         4


Dungeon Overview and Level Annotations

Branches:
Dungeon (2/15)

Altars:

Annotations:
D:2 Terence


Innate Abilities, Weirdness & Mutations

You cannot wear most types of armour.
You are amphibious.
You can wear up to eight rings at the same time.
Your skin changes colour to match your surroundings (Stealth+).
Your rubbery body absorbs attacks. (AC +1, EV +1)
((You are camouflaged when in or above water. (Stealth+)))
You have tentacles for arms and can constrict up to eight enemies at once.


Message History

Casting: Spider Form (extremely dangerous; 32% risk of failure)
Confirm with . or Enter, or press ? or * to list all spells.
The spell is extremely dangerous to miscast (32% risk of failure)!
Continue anyway?
You turn into a venomous arachnid creature.
Terence hits you with a +0 hand axe.
You barely miss Terence. Terence hits you with a +0 hand axe.
You hit Terence.
Terence is poisoned.
Terence is lightly wounded.
Terence completely misses you.
You hit Terence but do no damage.
Terence looks as sick as possible!
Terence is lightly wounded.
Terence drinks a potion.
Terence is healed!
Terence looks more healthy.
You barely miss Terence. Terence hits you with a +0 hand axe!
* * * LOW HITPOINT WARNING * * *
You completely miss Terence. Terence closely misses you.
Press: ? - help, v - describe, . - travel
Here: Terence, wielding a +0 hand axe and wearing a +0 scale mail The floor.
You barely miss Terence. Terence hits you with a +0 hand axe.
* * * LOW HITPOINT WARNING * * *
A ball python comes into view.
The ball python hisses angrily.
There is an open door here.
Your transformation is almost over.
Your magical contamination has completely faded away.
Terence looks scornfully at you.
You barely miss the ball python. The ball python bites you.
* * * LOW HITPOINT WARNING * * *
The ball python closely misses you. Terence barely misses you.
The ball python misses you. The ball python completely misses you.
The ball python closely misses you. The ball python misses you.
The ball python completely misses you. The ball python misses you.
You open the door.
A hobgoblin comes into view.
The hobgoblin shouts!
The ball python misses you. The ball python closely misses you.
A worm comes into view.
Your transformation has ended.
The hobgoblin hits you.
You die...

#..# #....####.## #..#
...........w #..# #
........... # #..#
##.##.......>..# ####..#
#..##..........
......###..........#.###
.###.†#....#...........#
##...l........8g8.$....
#..#..#.......#@#....
#.##.###......#S# ...
####.# #....###.###J.
##.# #....#8.@.8# . .
#..# #....#.._..# ..
#.## ####.#8...8# ...
#.######..###.###...
#.##........#.# ..
#....######.#'#.#


You could see Terence, a worm (wandering), a hobgoblin and a ball python.

Vanquished Creatures
  A dart slug (D:1)
  A ball python (D:1)
  5 bats (D:1)
  2 endoplasms (D:1)
  4 goblins (D:1)
  4 quokkas
  2 frilled lizards (D:1)
  2 kobolds (D:1)
21 creatures vanquished.

Notes
Turn   | Place    | Note
-------+----------+-------------------------------------------
     0 | D:1      | Zeld the Octopode Transmuter began the quest for the Orb.
     0 | D:1      | Reached XP level 1. HP: 13/13 MP: 3/3
   439 | D:1      | Reached XP level 2. HP: 18/18 MP: 3/5
   442 | D:1      | Learned a level 2 spell: Wereblood
   500 | D:1      | Reached skill level 1 in Stealth
  1244 | D:1      | Reached XP level 3. HP: 16/23 MP: 4/6
  1328 | D:1      | Learned a level 3 spell: Spider Form
  1503 | D:2      | Noticed Terence
  1521 | D:2      | Found a faded altar of an unknown god.
  1540 | D:2      | Slain by a hobgoblin

Illustrated notes

Levels and vault maps discovered:
D:1:      saegor_arrival_simple_e, layout_rooms, item_on_display_a
D:2:      layout_rooms, dreamdust_ecumenical_altar_angels_and_demons,
          uniq_terence, uniq_sigmund

Skill      XL: |  1  2 |
---------------+-------+-----
Stealth        | 1 |  1.2
Fighting       | |  1.0
Dodging        | |  2.0
Unarmed Combat | |  3.0
Spellcasting   | |  2.4
Transmutations | |  2.4
Ice Magic      | |  0.5
Poison Magic   | |  0.8

Action                   || total
-------------------------++-------
Melee: Unarmed           ||    59
       Constrict         ||    12
       Tentacles         ||     6
       Kick              ||     9
 Cast: Beastly Appendage ||    16
       Spider Form       ||     1
 Stab: Sleeping          ||     4
Armor: Skin              ||     9
Dodge: Dodged            ||    59
